 Dungeon Crawl Stone Soup version 0.29-a0-451-gfbfa42419e (webtiles) character file.

Game seed: 6775074216833451790

167230 spiderkeys the Spry (level 17, -12/94 HPs)
             Began as a Spriggan Abyssal Knight on May 20, 2022.
             Was the Champion of Lugonu.
             Killed from afar by Azrael (44 damage)
             ... with damnation
             ... on level 1 of the Snake Pit.
             The game lasted 01:28:28 (39936 turns).

spiderkeys the Spry (Spriggan Abyssal Knight)      Turns: 39936, Time: 01:28:29

Health: -12/94     AC: 11    Str:  9    XL:     17   Next: 6%
Magic:  25/25      EV: 37    Int: 14    God:    Lugonu [******]
Gold:   3804       SH: 16    Dex: 27    Spells: 11/26 levels left

rFire   . . .      SeeInvis +   a - +9 quick blade (distort) {rare}
rCold   . . .      Faith    .   U - +0 buckler
rNeg    . . .      Spirit   .   v - +4 troll leather armour
rPois   +          Reflect  +   (helmet restricted)
rElec   .          Harm     .   g - +2 cloak
rCorr   .          Rampage  .   (gloves unavailable)
Will    ++...                   (boots unavailable)
Stlth   +++++++...              G - amulet of reflection
HPRegen 1.05/turn               D - +6 ring of dexterity
MPRegen 0.19/turn               P - ring of poison resistance

@: very quick
A: very small, no large weapons, unfitting armour, see invisible, speed 3
}: 1/15 runes: decaying
a: Renounce Religion, Depart the Abyss, Bend Space, Banish, Corrupt, Enter the
Abyss


You were on level 1 of the Snake Pit.
You worshipped Lugonu.
Lugonu was exalted by your worship.
You visited 5 branches of the dungeon, and saw 28 of its levels.
You visited the Abyss 1 time.
You also visited: Sewer, Bailey, Gauntlet and Volcano.

You collected 4148 gold pieces.
You spent 344 gold pieces at shops.


Innate Abilities, Weirdness & Mutations

You are very small and have problems with some larger weapons.
You are too small for most types of armour.
You have supernaturally acute eyesight. (SInv)
You cover ground extremely quickly. (Speed+++)


   Skills:
 + Level 12.4 Fighting
 - Level 8.2 Short Blades
 - Level 9.1 Slings
 + Level 18.5 Dodging
 - Level 18.4 Stealth
 - Level 10.0 Shields
 - Level 5.0 Spellcasting
 - Level 10.0 Hexes
 + Level 7.4 Transmutations
 - Level 5.0 Earth Magic
 - Level 9.0 Invocations
 + Level 9.5 Evocations


You had 11 spell levels left.
You knew the following spells:

 Your Spells              Type           Power      Damage    Failure   Level
c - Confusing Touch       Hex            31%        N/A       1%          3
f - Statue Form           Tmut/Erth      13%        N/A       99%         6
s - Sandblast             Erth           34%        2d9       4%          1
t - Tukima's Dance        Hex            31%        N/A       1%          3
S - Slow                  Hex            100%       N/A       1%          1
X - Necrotize             Necr           12%        1d4       36%         1

Your spell library contained the following spells:

 Spells                   Type           Power      Damage    Failure   Level
 Beastly Appendage        Tmut           48%        N/A       1%          1
 Wereblood                Tmut           24%        N/A       2%          2
 Passwall                 Tmut/Erth      16%        N/A       4%          2
 Portal Projectile        Hex/Tloc       34%        N/A       16%         3
 Spider Form              Tmut/Pois      13%        N/A       26%         3
 Petrify                  Tmut/Erth      20%        N/A       30%         4
 Stone Arrow              Conj/Erth      20%        3d8       38%         3
 Ignite Poison            Fire/Tmut/Pois 10%        N/A       41%         3
 Blade Hands              Tmut           12%        N/A       45%         5
 Poisonous Vapours        Pois/Air       6%         N/A       52%         2
 Scorch                   Fire           6%         2d5       52%         2
 Ice Form                 Ice/Tmut       13%        N/A       65%         4
 Conjure Flame            Conj/Fire      3%         6-21      75%         3
 Frozen Ramparts          Ice            6%         1d2       75%         3
 Gell's Gravitas          Tloc           3%         N/A       75%         3
 Lesser Beckoning         Tloc           3%         N/A       75%         3
 Ozocubu's Armour         Ice            3%         N/A       75%         3
 Teleport Other           Tloc           3%         N/A       75%         3
 Vampiric Draining        Necr           3%         2d6       75%         3
 Metabolic Englaciation   Hex/Ice        8%         N/A       80%         5
 Corpse Rot               Necr/Pois/Air  3%         N/A       98%         4
 Dispel Undead            Necr           3%         3d7       98%         4
 Flame Wave               Conj/Fire      3%         2d4       98%         4
 Iskenderun's Mystic Bla  Conj/Tloc      3%         2d3       98%         4
 Olgreb's Toxic Radiance  Pois           3%         N/A       98%         4
 Sticky Flame             Conj/Fire      3%         2d3       98%         4
 Summon Ice Beast         Ice/Summ       3%         N/A       98%         4
 Agony                    Necr           3%         N/A       100%        5
 Iskenderun's Battlesphe  Conj           3%         2d6       100%        5
 Manifold Assault         Tloc           3%         N/A       100%        5
 Death Channel            Necr           1%         N/A       100%        6
 Iron Shot                Conj/Erth      5%         9d2       100%        6
 Summon Cactus Giant      Summ           1%         N/A       100%        6
 Ozocubu's Refrigeration  Ice            1%         4d5       100%        7
 Spellforged Servitor     Conj/Summ      1%         N/A       100%        7
 Disjunction              Tloc           1%         N/A       100%        8
 Ignition                 Fire           1%         3d3       100%        8

Inventory:

Hand Weapons
 a - a +9 quick blade of distortion (weapon) {rare}
   (You acquired it in a bailey)
 b - the +7 hunting sling of Lirull {vorpal, rF+ Str-3 Int+3}
   (You found it on level 5 of the Lair of Beasts)

   Any ammunition fired from it inflicts extra damage upon your enemies.
   Str:       It affects your strength (-3).
   Int:       It affects your intelligence (+3).
   rF:        It protects you from fire.
 K - a +4 dagger of freezing
   (You took it off a wight on level 7 of the Dungeon)
Missiles
 n - 6 curare-tipped darts {=f}
 y - 35 poisoned darts
 A - 20 boomerangs
 O - 6 silver boomerangs
Armour
 g - a +2 cloak (worn)
   (You took it off Maurice on level 9 of the Dungeon)
 v - a +4 troll leather armour (worn)
   (You found it on level 13 of the Dungeon)
 U - a +0 buckler (worn)
   (You took it off a tengu conjurer on level 10 of the Dungeon)
 W - the +0 cloak of the Stallion {rElec rC+ Stlth-}
   (You found it in a Gauntlet)

   rC:        It protects you from cold.
   rElec:     It insulates you from electricity.
   Stlth:     It makes you less stealthy.
Jewellery
 C - a ring of protection from cold
   (You found it on level 3 of the Dungeon)
 D - a +6 ring of dexterity (left hand)
   (You found it on level 9 of the Dungeon)
 G - an amulet of reflection (around neck)
   (You took it off a minotaur in a Gauntlet)
 I - a +6 ring of intelligence
   (You found it on level 7 of the Dungeon)
 P - a ring of poison resistance (right hand)
   (You found it on level 13 of the Dungeon)
 Y - the ring "Dumodimp" {rF+ Str+2}
   (You found it in a Gauntlet)

   [ring of protection from fire]

   Str:       It affects your strength (+2).
   rF:        It protects you from fire.
 Z - a ring of wizardry
   (You found it on level 13 of the Dungeon)
Wands
 x - a wand of mindburst (12)
   (You found it on level 3 of the Swamp)
 E - a wand of flame (34)
   (You found it on level 6 of the Dungeon)
 F - a wand of digging (21)
   (You found it in a Gauntlet)
 Q - a wand of paralysis (10)
   (You found it on level 11 of the Dungeon)
 R - a wand of polymorph (5)
   (You took it off Maurice on level 9 of the Dungeon)
Scrolls
 c - a scroll of enchant armour
 d - 10 scrolls of teleportation {@r4}
 h - 6 scrolls of fear
 l - 2 scrolls of magic mapping {!r}
 p - 5 scrolls of vulnerability {!r!r}
 q - 2 scrolls of fog
 w - 4 scrolls of poison {!r}
 J - 3 scrolls of blinking {!r}
 N - 3 scrolls of silence {!r}
 V - 16 scrolls of identify {@r1}
 X - 2 scrolls of torment {!r}
Potions
 e - a potion of berserk rage {!q}
 f - a potion of invisibility
 i - 5 potions of attraction {!q}
 j - 9 potions of flight
 m - 3 potions of heal wounds {@q2}
 o - 2 potions of magic
 r - 2 potions of mutation {!q}
 s - 9 potions of ambrosia
 t - 5 potions of haste {@q3}
 u - 2 potions of cancellation
 z - 10 potions of curing {@q1}
 B - 2 potions of might
 L - 5 potions of lignification {!q}
 S - 2 potions of resistance
 T - 8 potions of brilliance
Miscellaneous
 k - a phial of floods
   (You found it on level 2 of the Swamp)
 H - a box of beasts (inert)
   (You found it in a Gauntlet)
 M - a tin of tremorstones (1/2)
   (You found it on level 1 of the Swamp)

Dungeon Overview and Level Annotations

Branches:
Dungeon (15/15)            Temple (0/1) D:7            Lair (6/6) D:10
  Swamp (4/4) Lair:3        Snake (1/4) Lair:2        Slime (0/5) Lair:5
    Orc (2/2) D:10            Elf (0/3) Orc:2        Vaults (0/5) D:13
 Depths (0/4) D:15          Sewer (visited)          Bailey (visited)
Volcano (visited)         Gauntlet (visited)

Altars:
Elyvilon
Fedhas
Gozag
Makhleb
Nemelex Xobeh
Sif Muna
Uskayaw
Wu Jian
Xom
Yredelemnul
Beogh
Jiyva

Shops:
D:3 ?:   D:12 (   Orc:2 [*=(

Annotations:
D:8 Amaemon
Lair:2 2 transporters, IdlyInterested's ghost, novice DsGl
Swamp:1 3 runed translucent doors, fictitious's ghost, journeyman MiHu
Snake:1 Azrael
Abyss:1 Aizul

#................
##....................
###.....................
###..[....................
#.....................>.......
#............................
#......†..................... .
#.........S..................
...##...........@...R............
#..................♣♣○P♣####.....
#......)....=......♣P○≈♣ #....
##................♣♣≈.P♣ #....
#...#...####...##♣♣♣♣≈P♣ ##....
..# #..## ###.♣♣♣♣♣♣≈≈♣♣♣♣♣.###.
. ##. #.♣♣≈P.≈.≈RP≈≈♣.# ## #.
#..≈.≈≈≈≈.≈○≈≈..# ##
##≈♣♣P≈.≈≈♣≈♣P≈##


You could see Azrael and a shock serpent.


Message History

Could not pick up a +6 ring of intelligence here; ([A]lways) ignore it? [Y]es, [N]o, or [A]lways only, please.
Could not pick up a +6 ring of intelligence here; ([A]lways) ignore it? [Y]es, [N]o, or [A]lways only, please.
Could not pick up a +6 ring of intelligence here; ([A]lways) ignore it?
Autopickup disabled for rings of intelligence.
You now have 3804 gold pieces (gained 18).
You enter the shallow water.
Moving in this stuff is going to be slow.
You enter the shallow water.
Moving in this stuff is going to be slow.
You enter the shallow water.
Moving in this stuff is going to be slow.
Key pressed, stopping explore.
You enter the shallow water.
Moving in this stuff is going to be slow.
You enter the shallow water.
Moving in this stuff is going to be slow.
A black mamba comes into view.
The black mamba hisses angrily.
A black mamba is nearby!
A fire elemental comes into view.
A hell hound and a fire elemental come into view.
The black mamba bites you but does no damage.
You hit the black mamba but do no damage.
Space warps horribly around the black mamba!!
You block the black mamba's attack.
You hit the black mamba.
Space warps around the black mamba.
You puncture the black mamba!
You kill the black mamba!
Lugonu accepts your kill.
Azrael and a hell hound come into view.
Azrael is wielding a +3 scimitar of flaming.
Found a stone staircase leading down.
You enter the shallow water.
Moving in this stuff is going to be slow.
You puncture the plant!
The plant begins to die.
Space warps horribly around the plant!!
You puncture the plant!
You enter the shallow water.
Moving in this stuff is going to be slow.
A nearby plant withers and dies.
You enter the shallow water.
Moving in this stuff is going to be slow.
Aizul shouts!
A shock serpent comes into view.
You hit Aizul but do no damage.
Aizul is devoured by a tear in reality.
Lugonu claims a new guest.
Your phial of floods has recharged.
The shock serpent shoots out a bolt of lightning at you!
The bolt of electricity hits you!!
There is a staircase back to the Lair here. 😕 HP[-19]
You take 19 damage, and now have 75/94 hp.
MASSIVE DAMAGE!! (PAUSE)
You climb upwards.
Welcome back to the Lair of Beasts!
Level annotation: 2 transporters, IdlyInterested's ghost, novice DsGl
There is a staircase to the Snake Pit here. 😕 HP[+3]
You regained 3 hp, and now have 78/94 hp.
You start resting. 😎 HP[+16]
Your hp is fully restored (94).
You climb downwards.
Welcome back to the Snake Pit!
This branch contains the serpentine rune of Zot.
Level annotation: Azrael
There is a staircase back to the Lair here.
You block the shock serpent's attack.
You puncture the shock serpent!
Space warps around the shock serpent.
The shock serpent's electric aura discharges, shocking you! 😕 HP[-13]
You take 13 damage, and now have 81/94 hp.
You puncture the shock serpent!
The shock serpent blinks!
The shock serpent's electric aura discharges, shocking you!
The shock serpent shoots out a bolt of lightning at you!
The bolt of electricity misses you. Azrael gestures at you.
The bolt of fire misses you. 😕 HP[-4]
You take 4 damage, and now have 77/94 hp.
The plant is engulfed in a cloud of scalding steam.
The plant begins to die.
The shock serpent shoots out a bolt of lightning at you!
The bolt of electricity hits you! 😮 HP[-16]
You take 16 damage, and now have 61/94 hp.
Azrael gestures at you.
The sphere of damnation explodes!
The damnation engulfs you!!
* * * LOW HITPOINT WARNING * * *
The shock serpent shoots out a bolt of lightning at you!
The bolt of electricity misses you.
There is a staircase back to the Lair here. 😨 HP[-30]
You take 30 damage, and now have 31/94 hp.
MASSIVE DAMAGE!! (PAUSE)
The plant is engulfed in a cloud of scalding steam.
Azrael gestures at you.
The sphere of damnation explodes!
The damnation engulfs you!!!
You die...

Skill      XL: |  1  2  3  4  5  6  7  8  9 10 11 12 13 14 15 16 |
---------------+-------------------------------------------------+-----
Stealth        | 1 2 3 4 5 7 9 11 14 16 17 18 | 18.4
Invocations    | 2 3 4 5 6 7 8 9 |  9.0
Spellcasting   | 1 2 3 4 5 |  5.0
Short Blades   | 3 4 5 7 8 |  8.2
Dodging        | 4 5 7 8 10 11 13 15 16 17 18 | 18.5
Fighting       | 3 4 5 6 7 8 10 11 12 | 12.4
Earth Magic    | 1 3 5 |  5.0
Shields        | 5 7 8 10 | 10.0
Hexes          | 3 6 8 10 | 10.0
Slings         | 3 6 9 |  9.1
Evocations     | 5 9 |  9.5
Transmutations | 7 |  7.4

Action                   |  1- 3 |  4- 6 |  7- 9 | 10-12 | 13-15 | 16-18 || total
-------------------------+-------+-------+-------+-------+-------+-------++-------
Melee: Short sword       |    79 |    68 |       |       |       |       ||   147
       Punch             |     2 |     2 |     8 |    21 |     8 |       ||    41
       Falchion          |       |   129 |   297 |       |       |       ||   426
       Dagger            |       |       |    16 |   182 |    54 |       ||   252
       Quick blade       |       |       |       |   843 |  1620 |   530 ||  2993
 Fire: Hunting sling     |       |     3 |    56 |       |    28 |    11 ||    98
Throw: Dart              |       |    10 |    28 |    51 |     5 |       ||    94
       Stone             |       |       |     1 |       |       |       ||     1
       Boomerang         |       |       |       |       |     3 |     7 ||    10
 Cast: Necrotize         |     4 |       |     2 |       |       |       ||     6
       Sandblast         |       |     1 |       |     1 |       |       ||     2
       Confusing Touch   |       |       |       |       |     6 |     6 ||    12
       Tukima's Dance    |       |       |       |       |    17 |       ||    17
Invok: Banish            |       |       |       |     6 |     2 |       ||     8
       Bend Space        |       |       |       |     1 |     4 |    10 ||    15
       Brand Weapon With |       |       |       |       |     1 |       ||     1
       Corrupt           |       |       |       |       |     1 |       ||     1
Evoke: Wand              |       |       |     1 |     5 |     5 |    14 ||    25
       Tin of tremorston |       |       |       |       |       |     2 ||     2
       Box of beasts     |       |       |       |       |       |     1 ||     1
       Lightning rod     |       |       |       |       |       |     1 ||     1
       Phial of floods   |       |       |       |       |       |     1 ||     1
  Use: Potion            |       |     7 |     2 |     2 |     4 |     3 ||    18
       Scroll            |       |     7 |     8 |     8 |    12 |     3 ||    38
 Stab: Sleeping          |     9 |     7 |    20 |    35 |    51 |    15 ||   137
       Distracted        |       |     1 |     2 |     5 |     1 |     3 ||    12
       Confused          |       |       |       |       |     5 |     4 ||     9
Armor: Robe              |     5 |    11 |    27 |    21 |       |       ||    64
       Skin              |       |    14 |       |       |       |       ||    14
       Steam dragon scal |       |       |       |    13 |    16 |       ||    29
       Troll leather arm |       |       |       |       |    31 |    34 ||    65
Dodge: Dodged            |    60 |   129 |   321 |   434 |   738 |   330 ||  2012
Block: Buckler           |       |       |       |       |   436 |   247 ||   683
       Reflection        |       |       |       |       |     9 |    10 ||    19

Levels and vault maps discovered:
D:1:      dpeg_arrival_chambers_temple_mockup, layout_basic
D:2:      layout_basic, basic_altar
D:3:      layout_rooms, mainiacjoe_overflow_concentric_impassable,
          cheibrodos_sewer_entry_bend, serial_shops, nicolae_lakefront_shop,
          nicolae_shop_stone, palyth_stone_intersect, uniq_terence
D:4:      layout_rooms, kennysheep_mini_moat, item_on_display_a
D:5:      layout_basic, uniq_menkaure
D:6:      minmay_recursive_quarters, layout_cave_pods, yredelemnul_altar_generic
D:7:      layout_basic, nicolae_overflow_hidden_temple,
          mainiacjoe_overflow_tiny_flanked, minmay_temple_entry_stoned_glass,
          uniq_maggie
D:8:      layout_gridville, led_sif_book, nicolae_elevator_lobby_asterisk,
          uniq_amaemon
D:9:      layout_irregular_city, enter_bailey_5, uniq_maurice
D:10:     layout_rooms, overflow_temple_1_default, due_lair_maze_entry_diamond,
          minmay_orc_entry_temple_small, uniq_grum, uniq_sonja
D:11:     layout_small_grid, evilmike_minifort
D:12:     layout_loops_corners, serial_shops, nicolae_shop_bloodbath_and_beyond
D:13:     layout_cave_pools, grunt_vaults_entry_tiered
D:14:     layout_roguey [special_room_bee], elyvilon_altar_4,
          gauntlet_entry_generic, minmay_door_square,
          corexii_hall_statues_deadend, hangedman_corner_corridor
D:15:     gammafunk_depths_entry_grave, layout_irregular_city,
          minmay_misc_feat_encased,
          nicolae_gozag_cash_rules_everything_around_me, uniq_josephine
Lair:1:   layout_misc_corridors, chequers_serial_rivers_small_a,
          serial_bayou_shore_a
Lair:2:   layout_gridlike, guppyfry_snake_entry_garden,
          gammafunk_ghost_abyssal_escape, lemuel_fruit_tree
Lair:3:   layout_chaotic_city, minmay_swamp_entry_worms
Lair:4:   layout_concentric_octagons, uniq_urug
Lair:5:   layout_roguey, slime_altar_1, lemuel_fruit_fields
Lair:6:   grunt_lair_end_beastmaster, layout_layer_cave, minivault_19,
          grunt_megastairs_1
Swamp:1:  layout_basic_swamp, ebering_ghost_rock_garden,
          evilmike_swamp_ruin_house_3, swamp_pool4,
          nicolae_swamp_oklob_treasure_island, uniq_frances, uniq_roxanne
Swamp:2:  layout_basic_swamp, serial_swamp_ruin, evilmike_swamp_ruin_rubble_2,
          evilmike_swamp_ruin_house_5, infiniplex_staircase_pool_2
Swamp:3:  layout_basic_swamp, evilmike_swamp_ruin_house_4, swamp_pool1
Swamp:4:  swamp_old_school, layout_basic_swamp, swamp_pool4
Snake:1:  layout_cave_shapes, serial_bayou_crossing, uniq_azrael, uniq_aizul,
          uniq_jorgrun
Orc:1:    layout_caves, nicolae_volcano_entry_s_turn, basic_altar
Orc:2:    grunt_orc_gardens, layout_caves, grunt_orc_garden, grunt_orc_garden,
          grunt_orc_garden, grunt_orc_garden

Notes
Turn   | Place    | Note
-------+----------+-------------------------------------------
     0 | Abyss:1  | spiderkeys the Spriggan Abyssal Knight began the quest for
                  | the Orb.
     0 | Abyss:1  | Reached XP level 1. HP: 11/11 MP: 3/3
     0 | Abyss:1  | magus.rc [v1.11.3]
    45 | D:1      | You pass through the gate.
    45 | D:1      | Escaped the Abyss
   194 | D:1      | You pick up a book of Necromancy and begin reading...
   194 | D:1      | You add the spells Necrotize, Vampiric Draining and Agony
                  | to your library.
   246 | D:1      | Reached skill level 1 in Stealth
   339 | D:1      | Reached skill level 2 in Invocations
   339 | D:1      | Reached XP level 2. HP: 16/16 MP: 4/4
   345 | D:1      | Learned a level 1 spell: Necrotize
   967 | D:2      | Found an ornate altar of the Wu Jian Council.
   983 | D:2      | Reached XP level 3. HP: 19/19 MP: 5/5
  1263 | D:2      | Reached skill level 2 in Stealth
  1449 | D:2      | You pick up a book of Displacement and begin reading...
  1449 | D:2      | You add the spells Lesser Beckoning, Gell's Gravitas and
                  | Teleport Other to your library.
  1459 | D:2      | Reached skill level 1 in Spellcasting
  1507 | D:2      | Reached *** piety under Lugonu
  1612 | D:2      | Reached XP level 4. HP: 23/23 MP: 6/6
  1777 | D:3      | Found a burning altar of Makhleb.
  1800 | D:3      | You pick up a book of Geomancy and begin reading...
  1800 | D:3      | You add the spells Sandblast, Passwall and Stone Arrow to
                  | your library.
  1818 | D:3      | You pick up a book of Changes and begin reading...
  1818 | D:3      | You add the spells Beastly Appendage, Wereblood and Spider
                  | Form to your library.
  1821 | D:3      | Learned a level 1 spell: Sandblast
  1931 | D:3      | Found Gast's Book Boutique.
  1990 | D:3      | Reached skill level 3 in Short Blades
  1996 | D:3      | Noticed Terence
  2045 | D:3      | HP: 7/34 [Terence/+2 falchion of freezing (4)]
  2047 | D:3      | HP: 3/34 [Terence/+2 falchion of freezing (4)]
  2062 | D:3      | Killed Terence
  2063 | D:3      | Reached skill level 4 in Dodging
  2188 | D:3      | Found a glowing drain.
  2197 | Sewer    | Entered a sewer
  2256 | Sewer    | Reached skill level 3 in Fighting
  2332 | Sewer    | Reached skill level 3 in Stealth
  2340 | Sewer    | Noticed a kobold brigand
  2359 | Sewer    | Killed a kobold brigand
  2360 | Sewer    | Reached skill level 2 in Spellcasting
  2360 | Sewer    | Reached XP level 5. HP: 16/28 MP: 7/9
  2562 | Sewer    | Reached XP level 6. HP: 13/32 MP: 10/10
  3076 | Sewer    | Reached skill level 4 in Stealth
  3076 | Sewer    | Reached skill level 3 in Invocations
  3755 | D:3      | Found Ovosk's Magic Scroll Shop.
  3765 | D:3      | Bought a scroll of identify for 24 gold pieces
  3849 | D:3      | You fall into a shaft and drop 3 floors!
  3874 | D:6      | Noticed a sky beast
  3932 | D:5      | Entered Level 5 of the Dungeon
  3958 | D:5      | Noticed Menkaure
  4257 | D:4      | Reached **** piety under Lugonu
  4283 | D:4      | Reached skill level 4 in Short Blades
  4283 | D:4      | Reached skill level 5 in Dodging
  4283 | D:4      | Reached skill level 3 in Spellcasting
  4283 | D:4      | Reached XP level 7. HP: 11/36 MP: 12/12
  4604 | D:4      | HP: 8/36 [black bear (3)]
  5066 | D:4      | Found a hide-covered altar of Uskayaw.
  5212 | D:4      | Reached skill level 5 in Stealth
  5823 | D:5      | HP: 9/37 [poisoned by a water moccasin]
  5829 | D:5      | Reached skill level 4 in Fighting
  5829 | D:5      | Reached skill level 4 in Spellcasting
  5829 | D:5      | Reached skill level 4 in Invocations
  5829 | D:5      | Reached XP level 8. HP: 23/42 MP: 13/15
  6075 | D:5      | Killed Menkaure
  6076 | D:5      | Reached skill level 6 in Dodging
  6111 | D:5      | Reached skill level 6 in Stealth
  6661 | D:5      | Reached skill level 5 in Short Blades
  6787 | D:5      | Reached skill level 5 in Spellcasting
  6877 | D:5      | Reached skill level 7 in Stealth
  6903 | D:5      | HP: 9/42 [yak (10)]
  6922 | D:5      | Reached skill level 7 in Dodging
  7617 | D:5      | Reached skill level 5 in Invocations
  7617 | D:5      | Reached XP level 9. HP: 46/46 MP: 17/17
  7940 | D:5      | Reached skill level 6 in Short Blades
  8404 | D:6      | Reached skill level 5 in Fighting
  8404 | D:6      | Reached skill level 8 in Stealth
  9336 | D:6      | Reached skill level 8 in Dodging
  9921 | D:6      | Reached skill level 9 in Stealth
 10064 | D:6      | Reached skill level 6 in Invocations
 10205 | D:6      | Found a basalt altar of Yredelemnul.
 10264 | D:7      | Found a staircase to the Ecumenical Temple.
 10483 | D:7      | Found a sparkling altar of Nemelex Xobeh.
 10488 | D:7      | Found a blossoming altar of Fedhas.
 10622 | D:7      | Noticed Maggie
 10643 | D:7      | HP: 9/47 [Maggie/+1 morningstar of holy wrath (8)]
 10646 | D:7      | Killed Maggie
 10647 | D:7      | Reached skill level 7 in Short Blades
 11043 | D:7      | Reached skill level 1 in Earth Magic
 11357 | D:7      | Reached XP level 10. HP: 30/50 MP: 18/18
 11490 | D:7      | Found an ornate altar of the Wu Jian Council.
 11798 | D:8      | Noticed an orange demon
 11800 | D:8      | Noticed Amaemon
 11844 | D:8      | Noticed a two-headed ogre
 11850 | D:8      | Killed a two-headed ogre
 11851 | D:8      | Reached skill level 9 in Dodging
 11851 | D:8      | Reached skill level 2 in Earth Magic
 11853 | D:8      | You pick up a book of Rime and begin reading...
 11853 | D:8      | You add the spells Frozen Ramparts, Ice Form and Summon Ice
                  | Beast to your library.
 11915 | D:8      | Reached ***** piety under Lugonu
 11940 | D:8      | Reached skill level 6 in Fighting
 13073 | D:8      | Found a shimmering blue altar of Sif Muna.
 13216 | D:9      | Found a flagged portal.
 13240 | Bailey   | Entered a bailey
 13468 | Bailey   | Reached skill level 7 in Invocations
 13664 | Bailey   | Reached skill level 8 in Short Blades
 13664 | Bailey   | Reached skill level 3 in Earth Magic
 13745 | Bailey   | Noticed an orc knight
 13746 | Bailey   | Banished an orc knight
 13830 | Bailey   | Acquired a +5 quick blade
 13831 | Bailey   | Q - a +5 quick blade {rare}
 13832 | Bailey   | Q - a +5 quick blade (weapon) {rare}
 14225 | D:9      | your +5 quick blade {rare} glows red for a moment.
 14226 | D:9      | your +6 quick blade {rare} glows red for a moment.
 14550 | D:9      | Reached skill level 10 in Dodging
 14551 | D:9      | Noticed Maurice
 14575 | D:9      | Killed Maurice
 14586 | D:9      | Reached XP level 11. HP: 58/58 MP: 19/19
 14861 | D:9      | You add the spells Olgreb's Toxic Radiance, Ozocubu's
                  | Refrigeration and Ignition to your library.
 14945 | D:9      | Reached skill level 4 in Earth Magic
 14972 | D:9      | Reached skill level 10 in Stealth
 15264 | D:9      | Reached skill level 7 in Fighting
 16143 | D:10     | Entered Level 10 of the Dungeon
 16161 | D:10     | Found a staircase to the Orcish Mines.
 16168 | D:10     | You add the spells Conjure Flame, Ignite Poison and Sticky
                  | Flame to your library.
 16403 | D:10     | Reached skill level 8 in Invocations
 16542 | D:10     | Acquired 695 gold pieces
 16617 | D:10     | Noticed Grum
 16634 | D:10     | Killed Grum
 16664 | D:10     | Noticed a two-headed ogre
 16689 | D:10     | Killed a two-headed ogre
 16926 | D:10     | Reached skill level 11 in Dodging
 16939 | D:10     | Reached skill level 11 in Stealth
 17143 | D:10     | Found a staircase to the Lair.
 17256 | D:10     | Found a shimmering altar of Xom.
 17258 | D:10     | Noticed a tengu warrior
 17271 | D:10     | Banished a tengu warrior
 17272 | D:10     | Reached skill level 5 in Earth Magic
 17392 | D:10     | Noticed Sonja
 17399 | D:10     | Killed Sonja
 17727 | D:11     | Reached XP level 12. HP: 64/64 MP: 20/20
 17967 | D:11     | Reached skill level 12 in Stealth
 17967 | D:11     | Reached skill level 1 in Shields
 17971 | D:11     | HP: 8/64 [orc priest/divine providence (17)]
 18429 | D:11     | Reached skill level 9 in Invocations
 18558 | D:11     | Reached skill level 12 in Dodging
 18711 | D:11     | Noticed a two-headed ogre
 18718 | D:11     | Reached skill level 2 in Shields
 18731 | D:11     | Killed a two-headed ogre
 18732 | D:11     | Reached skill level 8 in Fighting
 18868 | D:11     | Noticed a five-headed hydra
 18870 | D:11     | Banished a five-headed hydra
 18893 | D:11     | Reached skill level 3 in Shields
 19041 | D:11     | Noticed a yaktaur captain
 19045 | D:11     | Killed a yaktaur captain
 19064 | D:11     | Reached skill level 13 in Stealth
 19220 | D:12     | Reached skill level 4 in Shields
 19398 | D:3      | Bought a book of Debilitation for 240 gold pieces
 19398 | D:3      | You pick up a book of Debilitation and begin reading...
 19398 | D:3      | You add the spells Slow and Confusing Touch to your
                  | library.
 19402 | D:3      | Learned a level 3 spell: Confusing Touch
 19404 | D:3      | Learned a level 1 spell: Slow
 19575 | Lair:1   | Entered Level 1 of the Lair of Beasts
 19658 | Lair:1   | Reached skill level 1 in Hexes
 19870 | Lair:1   | Reached skill level 13 in Dodging
 19870 | Lair:1   | Reached skill level 2 in Hexes
 19899 | Lair:1   | Identified the +6 plate armour of Fosoton {rPois rN++ MP+9
                  | Str-2}
 19911 | Lair:1   | You fall into a shaft and drop 1 floor!
 20066 | Lair:2   | Found a transporter.
 20464 | Lair:1   | Reached skill level 5 in Shields
 20471 | Lair:1   | Reached skill level 3 in Hexes
 20701 | Lair:2   | Found a transporter.
 20702 | Lair:2   | Noticed a four-headed hydra
 20725 | Lair:2   | Killed a four-headed hydra
 20795 | Lair:2   | Found a staircase to the Snake Pit.
 20881 | Lair:2   | Noticed an eight-headed hydra
 20893 | Lair:2   | Banished an eight-headed hydra
 20894 | Lair:2   | Reached skill level 14 in Stealth
 21285 | Lair:2   | Reached XP level 13. HP: 70/70 MP: 21/21
 21305 | Lair:2   | Reached skill level 9 in Fighting
 21460 | Lair:2   | Reached skill level 4 in Hexes
 21657 | Lair:3   | your +7 quick blade {rare} is covered with a thin layer of
                  | ice!
 21657 | Lair:3   | Q - a +7 quick blade of freezing (weapon) {rare}
 22161 | Lair:3   | Reached skill level 5 in Hexes
 22321 | Lair:3   | Reached skill level 14 in Dodging
 22560 | Lair:3   | Found a staircase to the Swamp.
 22650 | Lair:3   | Reached skill level 15 in Stealth
 22949 | Lair:4   | Identified the +11 mace of the Snake Pit {drain, Will+
                  | SInv}
 22972 | Lair:4   | Reached ****** piety under Lugonu
 22973 | Lair:4   | Do you wish to have your +7 quick blade of freezing {rare}
                  | corrupted with distortion?
 22973 | Lair:4   | Identified a +9 quick blade of distortion {rare} (a +7
                  | quick blade of freezing {rare} corrupted by Lugonu)
 22973 | Lair:4   | Your quick blade {rare} shines brightly!
 22973 | Lair:4   | Received a gift from Lugonu
 23304 | Lair:4   | Noticed Urug
 23510 | Lair:4   | Killed Urug
 24145 | Lair:5   | Identified the +7 hunting sling of Lirull {vorpal, rF+
                  | Str-3 Int+3}
 24149 | Lair:5   | Q - a +9 quick blade of distortion (weapon) {rare}
 24149 | Lair:5   | a - a +9 quick blade of distortion (weapon) {rare}
 24244 | Lair:5   | Found a viscous altar of Jiyva.
 24246 | Lair:5   | Found a staircase to the Slime Pits.
 24273 | Lair:5   | a - a +9 quick blade of distortion (weapon) {rare}
 24351 | Lair:5   | a - a +9 quick blade of distortion (weapon) {rare}
 24472 | Lair:5   | Reached skill level 1 in Slings
 24518 | Lair:5   | Identified the +0 scale mail of Humilauteo {*Slow rC++
                  | Will+ SInv}
 24824 | Lair:6   | Entered Level 6 of the Lair of Beasts
 24896 | Lair:6   | Reached skill level 6 in Hexes
 25048 | Lair:6   | Reached skill level 2 in Slings
 25265 | Lair:6   | Reached skill level 3 in Slings
 25400 | Lair:6   | Reached skill level 16 in Stealth
 25838 | Lair:6   | Reached skill level 10 in Fighting
 26184 | Lair:6   | Reached skill level 15 in Dodging
 26188 | Lair:6   | Reached XP level 14. HP: 77/77 MP: 22/22
 26207 | Lair:6   | Reached skill level 4 in Slings
 26645 | Lair:6   | You pick up a book of Weapons and begin reading...
 26645 | Lair:6   | You add the spells Tukima's Dance, Portal Projectile and
                  | Blade Hands to your library.
 26650 | Lair:6   | Learned a level 3 spell: Tukima's Dance
 26896 | Lair:2   | Noticed IdlyInterested's ghost (novice DsGl)
 27471 | D:12     | Found Qemiuc's Weapon Emporium.
 27951 | D:13     | Reached skill level 6 in Shields
 27951 | D:13     | Reached skill level 7 in Hexes
 28048 | D:13     | Reached skill level 5 in Slings
 28762 | D:13     | Reached skill level 17 in Stealth
 28842 | D:13     | Found a gate to the Vaults.
 28896 | D:13     | Reached skill level 6 in Slings
 28959 | D:13     | Reached skill level 7 in Shields
 28959 | D:13     | Reached skill level 8 in Hexes
 29215 | D:14     | Found a gate leading to a gauntlet.
 29221 | Gauntlet | Entered a Gauntlet
 29221 | Gauntlet | Found a transporter.
 29221 | Gauntlet | Found a large runed translucent door.
 29221 | Gauntlet | Found a large runed translucent door.
 29221 | Gauntlet | Found a large runed translucent door.
 29221 | Gauntlet | Found a large runed translucent door.
 29221 | Gauntlet | Found a runed translucent door.
 29221 | Gauntlet | Found a runed translucent door.
 29221 | Gauntlet | Found a large runed translucent door.
 29221 | Gauntlet | Found a large runed translucent door.
 29221 | Gauntlet | Found a large runed translucent door.
 29221 | Gauntlet | Found a large runed translucent door.
 29221 | Gauntlet | Found a large runed translucent door.
 29221 | Gauntlet | Found a large runed translucent door.
 29222 | Gauntlet | Found a large runed translucent door.
 29222 | Gauntlet | Found a large runed translucent door.
 29231 | Gauntlet | Found a transporter.
 29245 | Gauntlet | Found a transporter.
 29250 | Gauntlet | Found a transporter.
 29270 | Gauntlet | Found a transporter.
 29285 | Gauntlet | Found a transporter.
 29297 | Gauntlet | Found a transporter.
 29308 | Gauntlet | Noticed a cacodemon
 29309 | Gauntlet | Found a transporter.
 29320 | Gauntlet | Found the brooch of Shielding {Spirit SH+8}
 29321 | Gauntlet | Found a transporter.
 29326 | Gauntlet | Found a transporter.
 29326 | Gauntlet | Found a transporter.
 29341 | Gauntlet | Found a transporter.
 29347 | Gauntlet | Found a transporter.
 29390 | Gauntlet | Found a transporter.
 29411 | Gauntlet | Found a large runed translucent door.
 29413 | Gauntlet | Found a large runed translucent door.
 29416 | Gauntlet | Found a runed translucent gate.
 29416 | Gauntlet | Found a runed translucent gate.
 29416 | Gauntlet | Found a runed translucent gate.
 29418 | Gauntlet | Found a transporter.
 29420 | Gauntlet | Found a transporter.
 29428 | Gauntlet | Found a large runed translucent door.
 29429 | Gauntlet | Found a large runed translucent door.
 29442 | Gauntlet | Found a transporter.
 29522 | Gauntlet | Found a transporter.
 29572 | Gauntlet | Corrupted Gauntlet
 29572 | Gauntlet | Noticed a starcursed mass
 29572 | Gauntlet | Noticed a starcursed mass
 29581 | Gauntlet | Killed a cacodemon
 29634 | Gauntlet | Identified the +0 cloak of the Stallion {rElec rC+ Stlth-}
 29683 | Gauntlet | Identified the ring "Dumodimp" {rF+ Str+2}
 29802 | Gauntlet | Could not pick up +0 storm dragon scales {rare} here;
                  | ([A]lways) ignore it?
 29813 | Gauntlet | You pick up a book of Changes and begin reading...
 29820 | Gauntlet | You add the spells Iskenderun's Mystic Blast, Manifold
                  | Assault and Disjunction to your library.
 29820 | Gauntlet | Got the Guide on Dislocation
 29905 | Gauntlet | a - a +9 quick blade of distortion (weapon) {rare}
 30092 | Gauntlet | Identified the +0 pair of boots of Wu Jian's Generosity
                  | {Regen+ Str+5}
 30481 | Gauntlet | Reached skill level 16 in Dodging
 30508 | Gauntlet | You pick up a book of Scorching and begin reading...
 30508 | Gauntlet | You add the spells Scorch, Flame Wave and Summon Cactus
                  | Giant to your library.
 30736 | Gauntlet | Identified the -5 pair of boots "Mirad" {*Slow rPois Will+
                  | Int+3}
 30851 | D:14     | Reached XP level 15. HP: 76/81 MP: 23/23
 31064 | D:14     | Reached skill level 7 in Slings
 31195 | D:14     | Found a white marble altar of Elyvilon.
 31358 | D:14     | Reached skill level 9 in Hexes
 31861 | D:15     | Entered Level 15 of the Dungeon
 31887 | D:15     | Reached skill level 11 in Fighting
 31902 | D:15     | You pick up a book of Vapours and begin reading...
 31902 | D:15     | You add the spells Poisonous Vapours and Corpse Rot to your
                  | library.
 31919 | D:15     | Reached skill level 8 in Shields
 31936 | D:15     | Reached skill level 18 in Stealth
 31936 | D:15     | Reached skill level 1 in Evocations
 32110 | D:15     | Found an opulent altar of Gozag.
 32128 | D:15     | Noticed Josephine
 32163 | D:15     | Killed Josephine
 32267 | D:15     | Reached skill level 2 in Evocations
 32418 | D:15     | Found a staircase to the Depths.
 32842 | Orc:1    | Entered Level 1 of the Orcish Mines
 32864 | Orc:1    | Noticed an orc warlord
 32921 | Orc:1    | Banished an orc warlord
 32922 | Orc:1    | Reached skill level 3 in Evocations
 33001 | Orc:1    | You fall into a shaft and drop 1 floor!
 33001 | Orc:2    | Entered Level 2 of the Orcish Mines
 33001 | Orc:2    | Found Kit Sidu's Antique Weapon Shop.
 33034 | Orc:1    | Found a dark tunnel.
 33040 | Volcano  | Entered a volcano
 33303 | Volcano  | a - a +9 quick blade of distortion (weapon) {rare}
 33312 | Volcano  | Found a bloodstained altar of Trog.
 33335 | Volcano  | Reached skill level 8 in Slings
 33494 | Orc:1    | a - a +9 quick blade of distortion (weapon) {rare}
 34224 | Orc:1    | Reached skill level 4 in Evocations
 34286 | Orc:1    | a - a +9 quick blade of distortion (weapon) {rare}
 34493 | Orc:2    | Reached skill level 10 in Hexes
 34508 | Orc:2    | Noticed an orc warlord
 34533 | Orc:2    | Killed an orc warlord
 34819 | Orc:2    | Reached skill level 17 in Dodging
 34819 | Orc:2    | Reached skill level 5 in Evocations
 34821 | Orc:2    | Found Paxkib's Jewellery Emporium.
 34872 | Orc:2    | Found Huashrue's Antique Armour Shop.
 34879 | Orc:2    | Found Taug's General Store.
 34903 | Orc:2    | Bought a potion of heal wounds for 80 gold pieces
 35128 | Orc:2    | Found a staircase to the Elven Halls.
 35157 | Orc:2    | HP: 16/83 [orc priest/divine providence (10)]
 35695 | Swamp:1  | Entered Level 1 of the Swamp
 35723 | Swamp:1  | Reached skill level 9 in Slings
 35758 | Swamp:1  | Noticed Roxanne
 35786 | Swamp:1  | Killed Roxanne
 35787 | Swamp:1  | Reached XP level 16. HP: 61/88 MP: 24/24
 35792 | Swamp:1  | You pick up a book of Sloth and begin reading...
 35792 | Swamp:1  | You add the spells Petrify, Metabolic Englaciation and
                  | Statue Form to your library.
 35839 | Lair:3   | Learned a level 6 spell: Statue Form
 35859 | Swamp:1  | a - a +9 quick blade of distortion (weapon) {rare}
 35994 | Swamp:1  | a - a +9 quick blade of distortion (weapon) {rare}
 36018 | Swamp:1  | Reached skill level 1 in Transmutations
 36151 | Swamp:1  | Reached skill level 6 in Evocations
 36276 | Swamp:1  | Reached skill level 2 in Transmutations
 36302 | Swamp:1  | Found a runed translucent gate.
 36302 | Swamp:1  | Found a runed translucent gate.
 36302 | Swamp:1  | Found a runed translucent gate.
 36308 | Swamp:1  | Reached skill level 9 in Shields
 36308 | Swamp:1  | Noticed fictitious's ghost (journeyman MiHu)
 36443 | Swamp:1  | Noticed Frances
 36446 | Swamp:1  | Killed Frances
 36909 | Swamp:2  | Reached skill level 3 in Transmutations
 37027 | Swamp:2  | You pick up a book of Power and begin reading...
 37027 | Swamp:2  | You add the spells Iskenderun's Battlesphere, Iron Shot and
                  | Spellforged Servitor to your library.
 37194 | Swamp:2  | You pick up a book of Decay and begin reading...
 37194 | Swamp:2  | You add the spells Dispel Undead and Death Channel to your
                  | library.
 37200 | Swamp:2  | You pick up a book of Necromancy and begin reading...
 37421 | Swamp:3  | Noticed a thorn hunter
 37428 | Swamp:3  | Killed a thorn hunter
 37429 | Swamp:3  | Reached skill level 7 in Evocations
 37509 | Swamp:3  | Reached skill level 4 in Transmutations
 37595 | Swamp:3  | Noticed a thorn hunter
 37750 | Swamp:3  | Banished a thorn hunter
 37942 | Swamp:3  | a - a +9 quick blade of distortion (weapon) {rare}
 38158 | Swamp:4  | Entered Level 4 of the Swamp
 38321 | Swamp:3  | Reached skill level 12 in Fighting
 38321 | Swamp:3  | Reached skill level 5 in Transmutations
 38575 | Swamp:3  | Reached skill level 8 in Evocations
 38897 | Swamp:4  | Reached skill level 18 in Dodging
 38926 | Swamp:4  | HP: 2/88 [will-o-the-wisp/foxfire (21)]
 38940 | Swamp:4  | Reached skill level 10 in Shields
 38965 | Swamp:4  | Reached skill level 6 in Transmutations
 39138 | Swamp:4  | Noticed the 27-headed Lernaean hydra
 39222 | Swamp:4  | Killed the 27-headed Lernaean hydra
 39223 | Swamp:4  | Reached skill level 9 in Evocations
 39331 | Swamp:4  | Reached skill level 7 in Transmutations
 39378 | Swamp:4  | Got a decaying rune of Zot
 39520 | Swamp:4  | Reached XP level 17. HP: 74/93 MP: 25/25
 39821 | Snake:1  | Entered Level 1 of the Snake Pit
 39821 | Snake:1  | Noticed Aizul
 39884 | Snake:1  | Noticed Azrael
 39904 | Snake:1  | Banished Aizul
 39936 | Snake:1  | Killed from afar by Azrael

Vanquished Creatures
  the Lernaean hydra (Swamp:4)
  Frances (Swamp:1)
  A thorn hunter (Swamp:3)
  Roxanne (Swamp:1)
  A fenstrider witch (Swamp:3)
  An orc warlord (Orc:2)
  2 ghouls (Swamp:1)
  A bunyip (Swamp:4)
  3 eleionomae
  A minotaur (Gauntlet)
  Josephine (D:15)
  A yaktaur captain (D:11)
  3 vault guards (D:13)
  4 boulder beetles
  18 hydras
  A spriggan air mage (Swamp:4)
  An anaconda (Snake:1)
  A ghost crab (Swamp:1)
  4 two-headed ogres
  11 alligators
  5 centaur warriors
  2 death yaks (Lair:6)
  Urug (Lair:4)
  3 tengu warriors
  A deep troll shaman (Lair:6)
  5 orc high priests
  A sun demon (Volcano)
  Sonja (D:10)
  A deep elf knight (D:13)
  2 spriggan druids
  3 goliath frogs
  9 swamp dragons
  A flayed ghost (D:15)
  3 bog bodies
  2 orc knights (Orc:2)
  2 wizards (D:13)
  2 necromancers (D:13)
  A deep elf pyromancer (D:13)
  8 orc sorcerers
  An oklob plant (Swamp:1)
  8 ugly things
  6 cyclopes
  3 will-o-the-wisps
  A spectral centaur (Gauntlet)
  9 elephants
  A naga mage (Snake:1)
  A molten gargoyle (Volcano)
  5 black mambas
  Maurice (D:9)
  3 gargoyles
  6 cane toads
  Maggie (D:7)
  2 kobold demonologists
  An efreet (D:14)
  2 unseen horrors (D:11)
  A yaktaur (D:14)
  4 rime drakes
  10 komodo dragons
  4 tengu conjurers
  4 trolls
  A spectral harpy (Gauntlet)
  A polar bear (Lair:6)
  2 red devils (Volcano)
  6 meliai
  6 tyrant leeches
  4 hornets (Swamp:4)
  A queen bee (Gauntlet)
  A wolf spider simulacrum (Gauntlet)
  9 slime creatures
  7 blink frogs
  A raiju (Gauntlet)
  A spectral meliai (Gauntlet)
  4 centaur simulacra
  5 spriggans
  A vampire (D:11)
  2 shadows (D:11)
  3 wyverns
  57 yaks
  2 fire bats (Volcano)
  5 basilisks
  14 humans (D:13)
  6 wraiths
  Grum (D:10)
  8 vampire mosquitoes
  Menkaure (D:5)
  A steam dragon (D:8)
  10 swamp worms
  6 wargs
  2 acid dragons
  A human skeleton (D:15)
  17 water moccasins
  A hell hound (Volcano)
  5 swamp drakes (Swamp:4)
  A sky beast (D:6)
  9 black bears
  4 ice beasts
  42 orc warriors
  9 ogres
  25 wolves
  3 boggarts (D:14)
  7 centaurs
  9 kobold brigands
  11 bullfrogs
  2 gnoll sergeants
  5 scorpions
  5 wights (D:7)
  33 killer bees
  An electric eel (Lair:1)
  2 howler monkeys
  7 lava snakes (Volcano)
  4 hounds
  2 jellies (D:6)
  12 orc priests
  4 iguanas
  11 orc wizards
  Terence (D:3)
  A lightning spire (Gauntlet)
  6 gnolls
  15 adders
  A river rat (Sewer)
  2 shadow imps
  3 white imps (Gauntlet)
  6 worms
  3 dart slugs
  80 orcs
  6 ball pythons
  2 bats (D:1)
  12 endoplasms
  3 giant cockroaches (D:2)
  4 hobgoblins
  2 jackals (D:4)
  19 kobolds
  3 quokkas
  A frilled lizard (D:1)
  10 goblins
  9 rats
  2 briar patches (Swamp:3)
  A butterfly (Lair:5)
777 creatures vanquished.

Vanquished Creatures (collateral kills)
  A swamp drake (Swamp:4)
  An orc warrior (Orc:1)
2 creatures vanquished.

Vanquished Creatures (others)
  A cacodemon (Gauntlet)
  2 large abominations (Gauntlet)
  3 bloated husks
  2 neqoxecs (Gauntlet)
  4 dancing weapons
  6 small abominations (Gauntlet)
  A quokka (D:14)
  A bush (Lair:4)
  14 demonic plants (Gauntlet)
  22 foxfires (Swamp:4)
  89 fungi
  74 plants
  A withered plant (D:15)
220 creatures vanquished.

Grand Total: 999 creatures vanquished

Table legend:
 A = Non-vault XP
 B = Vault XP
 C = Vault XP percentage of total XP
 D = Non-vault monster count
 E = Vault monster count
 F = Vault count percentage of total count
                 A         B        C        D         E       F
            +---------+---------+-------+---------+---------+-------
      Total |  127272 |   93057 |  42.2 |     527 |     314 |  37.3
            +---------+---------+-------+---------+---------+-------
        D:1 |      24 |       0 |   0.0 |      17 |       0 |   0.0
        D:2 |      82 |       0 |   0.0 |      17 |       0 |   0.0
        D:3 |      25 |      37 |  59.7 |      11 |       2 |  15.4
        D:4 |     486 |       0 |   0.0 |      20 |       0 |   0.0
        D:5 |    1859 |     425 |  18.6 |      17 |       4 |  19.0
        D:6 |     930 |     445 |  32.4 |      24 |       9 |  27.3
        D:7 |     495 |     379 |  43.4 |       8 |       1 |  11.1
        D:8 |    2242 |       0 |   0.0 |      22 |       0 |   0.0
        D:9 |    3982 |     457 |  10.3 |      26 |       5 |  16.1
       D:10 |    3900 |    2881 |  42.5 |      21 |      25 |  54.3
       D:11 |    2467 |    5741 |  69.9 |      12 |      15 |  55.6
       D:12 |    4909 |       0 |   0.0 |      12 |       0 |   0.0
       D:13 |    9376 |    9363 |  50.0 |      24 |      29 |  54.7
       D:14 |    7070 |    6240 |  46.9 |      16 |      29 |  64.4
       D:15 |    5121 |    6042 |  54.1 |      11 |      13 |  54.2
     Lair:1 |    3903 |       0 |   0.0 |      18 |       0 |   0.0
     Lair:2 |    5996 |       0 |   0.0 |      24 |       0 |   0.0
     Lair:3 |    7173 |     598 |   7.7 |      22 |       2 |   8.3
     Lair:4 |    3110 |     812 |  20.7 |      13 |       1 |   7.1
     Lair:5 |    1934 |       0 |   0.0 |      11 |       0 |   0.0
     Lair:6 |    4819 |   11030 |  69.6 |      19 |      22 |  53.7
    Swamp:1 |   12455 |    3323 |  21.1 |      16 |       3 |  15.8
    Swamp:2 |    5055 |       0 |   0.0 |       9 |       0 |   0.0
    Swamp:3 |   13971 |    1585 |  10.2 |      24 |       2 |   7.7
    Swamp:4 |   14948 |   16126 |  51.9 |      28 |      23 |  45.1
    Snake:1 |    2233 |    1183 |  34.6 |       4 |       1 |  20.0
      Orc:1 |    6540 |    2696 |  29.2 |      47 |       8 |  14.5
      Orc:2 |    2167 |    8353 |  79.4 |      34 |      19 |  35.8
      Sewer |       0 |     476 | 100.0 |       0 |      28 | 100.0
     Bailey |       0 |    2018 | 100.0 |       0 |      25 | 100.0
    Volcano |       0 |    4489 | 100.0 |       0 |      17 | 100.0
   Gauntlet |       0 |    8358 | 100.0 |       0 |      31 | 100.0
            +---------+---------+-------+---------+---------+-------

Illustrated notes

Table legend:
 A = Kills in this place as a percentage of kills in entire the game.
 B = Kills by you in this place as a percentage of kills by you in the entire game.
 C = Kills by friends in this place as a percentage of kills by friends in the entire game.
 D = Other kills in this place as a percentage of other kills in the entire game.
 E = Experience gained in this place as a percentage of experience gained in the entire game.
 F = Experience gained in this place divided by the number of levels of this place that you have seen.
                   A       B       C       D       E      F
               +-------+-------+-------+-------+-------+----------------------
         Total | 100.0 | 100.0 | 100.0 | 100.0 | 100.0 | 6676.6
       Dungeon |  46.4 |  46.8 |   0.0 |  43.1 |  34.0 | 4998.5
          Lair |  15.7 |  16.3 |   0.0 |   9.2 |  17.9 | 6562.5
         Swamp |  12.5 |  11.5 |  50.0 |  23.1 |  30.6 | 16865.8
     Snake Pit |   0.6 |   0.5 |   0.0 |   1.5 |   1.6 | 3416.0
  Orcish Mines |  12.8 |  13.2 |  50.0 |   7.7 |   9.0 | 9878.0
         Sewer |   3.3 |   3.6 |   0.0 |   0.0 |   0.2 | 476.0
        Bailey |   3.0 |   3.1 |   0.0 |   1.5 |   0.9 | 2018.0
       Volcano |   2.0 |   2.1 |   0.0 |   1.5 |   2.0 | 4489.0
      Gauntlet |   3.7 |   3.0 |   0.0 |  12.3 |   3.8 | 8358.0
               +-------+-------+-------+-------+-------+----------------------

Table legend: (Time is in decaauts)
 A = Elapsed time spent in this place.
 B = Non-inter-level travel time spent in this place.
 C = Inter-level travel time spent in this place.
 D = Time resting spent in this place.
 E = Time spent auto-exploring this place.
 F = Levels seen in this place.
 G = Mean time per level.
                   A        B        C        D        E       F      G
               +--------+--------+--------+--------+--------+-----+--------+
         Total |  29655 |  28443 |   1212 |   6395 |  15350 |  33 |  898.6 |
       Dungeon |  16335 |  15645 |    690 |   4438 |   7875 |  15 | 1089.0 |
          Lair |   5154 |   4783 |    371 |    355 |   3691 |   6 |  859.0 |
         Swamp |   3061 |   2983 |     78 |    794 |   1331 |   4 |  765.2 |
     Snake Pit |     64 |     64 |      0 |      0 |     24 |   1 |   64.0 |
  Orcish Mines |   1528 |   1457 |     71 |    345 |    644 |   2 |  764.0 |
         Abyss |     27 |     27 |      0 |      0 |     23 |   1 |   27.0 |
         Sewer |   1416 |   1416 |      0 |      0 |   1152 |   1 | 1416.0 |
        Bailey |    781 |    781 |      0 |    413 |    173 |   1 |  781.0 |
       Volcano |    289 |    289 |      0 |      4 |    103 |   1 |  289.0 |
      Gauntlet |    996 |    996 |      0 |     46 |    330 |   1 |  996.0 |
               +--------+--------+--------+--------+--------+-----+--------+

Top non-repeatable levels by time:
     D:5: 2106 daAuts
     D:4: 1748 daAuts
     D:8: 1436 daAuts
   Sewer: 1416 daAuts
     D:6: 1403 daAuts
     D:7: 1297 daAuts
     D:9: 1223 daAuts
    D:11: 1210 daAuts
  Lair:6: 1197 daAuts
    D:10: 1128 daAuts
   Orc:1: 1015 daAuts
Gauntlet: 996 daAuts
  Lair:3: 960 daAuts
  Lair:2: 953 daAuts
  Lair:4: 886 daAuts
